[Event "*** SCC Grand Prix: Titled Tuesday Blitz"]
[Site "Chess.com"]
[Date "2020.09.08"]
[Round "10"]
[White "annamaja"]
[Black "MathiasWomacka"]
[Result "1-0"]
[WhiteElo "2306"]
[BlackElo "2395"]
[TimeControl "180+1"]
[EndTime "11:57:45 PDT"]
[Termination "annamaja won on time"]

1. e4 c5 2. Nf3 d6 3. d4 cxd4 4.
Nxd4 Nf6 5. Nc3 a6 6. Be3 e5 7.
Nb3 Be6 8. Qd2 Nbd7 9. O-O-O b5 10. Bd3 Rc8 11. f4 Be7 12. Kb1 O-O 13. f5 Bc4 14. g4 b4 15. Ne2 Nxg4 16. Rhg1 Nxe3 17. Qxe3 Kh8 18. f6 Nxf6 19. Ng3 g6 20. h4 Ng4 21.
Qe2 Bxd3 22. Rxd3 h5 23. Rf3 Bxh4 24. Nxh5 gxh5 25. Rf5 Bg5 26. Rh1 Nh6 27. Rxh5 f6 28. Rfxg5 fxg5 29. Rxh6+ Kg7 30. Qh5 Rf1+ 31. Nc1 Qe8 32.
Qxg5+ Kf7 33. Qg6+ Ke7 34. Qxd6+ Kf7 35. Rh7+ Kg8 36. Qh6 Rg1 37. Rh8+ Kf7 38. Rxe8 Rxe8 39. Qh5+ Kf8 40. Qf5+ Kg7 41. Qd7+ Kf8 42. Qd6+ Kf7 43. Qxb4 Rd8 44. Qb7+ Ke8 45. Qc6+ Ke7 46. Qc5+ Ke8 47. Qxg1 Rd4 48. Qg6+ Ke7 49. Qf5 Kd6 50. Nd3 Kc6 51.
Qxe5 Rd7 52. Qe6+ Kc7 53. Qxd7+ Kxd7 54. c4 Kc6 55. Kc2 Kd6 56. Kc3 Kc6 57. e5 Kd7 58. Kd4 Ke6 59. Nf4+ Kd7 60. Kd5 1-0

[Event "*** SCC Grand Prix: Titled Tuesday Blitz"]
[Site "Chess.com"]
[Date "2020.09.08"]
[Round "10"]
[White "aloe_normansen"]
[Black "PawnEatingZombie"]
[Result "1-0"]
[WhiteElo "2368"]
[BlackElo "2180"]
[TimeControl "180+1"]
[EndTime "11:57:45 PDT"]
[Termination "aloe_normansen won on time"]

1. e4 c6 2. d4 d5 3. e5 Bf5 4.
Nc3 e6 5. g4 Bg6 6. Nge2 c5 7.
h4 h5 8. Nf4 Bh7 9. g5 cxd4 10.
Nb5 Nc6 11. g6 Bxg6 12. Nxg6 fxg6 13. Nxd4 Nxd4 14. Qxd4 Qb6 15. Qa4+ Kf7 16. Qf4+ Ke8 17. Rh3 Qb4+ 18. Qxb4 Bxb4+ 19. c3 Bc5 20. Bg5 a6 21. Bd3 Ne7 22. Bxe7 Kxe7 23. Bxg6 Raf8 24. f3 Rf4 25. Ke2 Kd7 26. Bd3 Be7 27. Rg1 Rxh4 28. Rxh4 Bxh4 29. Rxg7+ Be7 30. Kf2 h4 31. Kg2 Rf8 32.
Be2 b5 33. Bd3 Rb8 34. Kh3 a5 35. f4 b4 36. f5 exf5 37. Bxf5+ Kd8 38. Rg8+ Kc7 39.
Rg7 Kd8 40. cxb4 axb4 41. Be6 d4 42. Kg4 d3 43. Kf3 Rb5 44. Rg8+ Kc7 45. Rc8+ Kb7 46.
Re8 Bc5 47. Bc4 Rb6 48. Bxd3 Rh6 49. Be4+ Kc7 50. Kg2 h3+ 51. Kh2 Bd4 52. e6 Be5+ 53. Kh1 h2 54. Rf8 Rh4 55. Bg2 Kd6 56. Re8 Rf4 57. e7 Re4 58. Bxe4 1-0

[Event "*** SCC Grand Prix: Titled Tuesday Blitz"]
[Site "Chess.com"]
[Date "2020.09.08"]
[Round "10"]
[White "Shuvalov"]
[Black "paulrusan"]
[Result "1-0"]
[WhiteElo "2450"]
[BlackElo "2280"]
[TimeControl "180+1"]
[EndTime "11:57:48 PDT"]
[Termination "Shuvalov won on time"]

1. Nf3 f5 2. g3 Nf6 3. Bg2 g6 4. O-O Bg7 5. d4 O-O 6. c3 e6 7. Nbd2 Nc6 8. Re1 d6 9. e4 fxe4 10. Nxe4 Nxe4 11. Rxe4 h6 12. h4 Bd7 13. Rf4 Qe7 14. Qd3 Rf5 15. Bh3 Raf8 16. Bxf5 gxf5 17. Nh2 e5 18. dxe5 dxe5 19. Ra4 f4 20. Bd2 fxg3 21. fxg3 Bf5 22. Qb5 e4 23. Rf1 Ne5 24. Bf4 c6 25. Qb4 c5 26. Qb3+ Be6 27. Qd1 Nd3 28. Rxe4 Nxf4 29. Rexf4 Rxf4 30. Rxf4 Be5 31. Rf3 Qc7 32. Qe2 Bxa2 33. Re3 Bf6 34. Ng4 Bg7 35. Ne5 Bd5 36. Kh2 b6 37. Qg4 Qd6 38. Ng6 Kh7 39. Nf4 Bf7 40. Qf5+ Kg8 41. Ne6 Bxe6 42. Qxe6+ Qxe6 43. Rxe6 Kf7 44. Rc6 Be5 45. Kg2 h5 46. Kf3 Kg7 47.
g4 hxg4+ 48. Kxg4 Bh2 49. h5 Kh7 50. Kf5 Bg3 51. Rg6 Be1 52. c4 Bd2 53. b3 Be3 54. Ke4 Bd4 55. Kd5 a5 56. Rxb6 Kg7 57. Rg6+ Kh7 58. Kc6 Be3 59. Kb5 Bd2 60. Kxc5 Bb4+ 61.
Kb5 Bc3 62. c5 1-0

[Event "*** SCC Grand Prix: Titled Tuesday Blitz"]
[Site "Chess.com"]
[Date "2020.09.08"]
[Round "10"]
[White "Mikhail_Golubev"]
[Black "Sacbutt"]
[Result "1-0"]
[WhiteElo "2547"]
[BlackElo "2210"]
[TimeControl "180+1"]
[EndTime "11:57:50 PDT"]
[Termination "Mikhail_Golubev won by checkmate"]

1. e4 b6 2. d4 c5 3. Nf3 cxd4 4. Nxd4 Bb7 5. Nc3 Nf6 6. Bd3 Nc6 7. Nxc6 Bxc6 8. f4 e6 9. O-O Bc5+ 10. Kh1 h5 11. e5 Ng4 12. Qe1 Qc7 13. Ne4 Bxe4 14. Bxe4 O-O-O 15. c3 d5 16. exd6 Bxd6 17. Bf3 Kd7 18. Qe2 Nf6 19.
f5 exf5 20. Bg5 Rhe8 21. Qb5+ Ke7 22. Qxf5 Be5 23. Rae1 Kf8 24. Bxh5 Nxh5 25. Qh7 g6 26. Bh6+ Ke7 27. Rxf7+ Kd6 28. Rxc7 Nf6 29. Qf7 Nd5 30. Rd1 Bd4 31. cxd4 Nxc7 32. Qxg6+ Kd7 33. Qg4+ Kc6 34. Qf3+ Kd7 35. Qg4+ Kc6 36. Qf3+ Kd7 37. Rf1 Kc8 38. Qg4+ Kb8 39. Bf4 Rf8 40. Bxc7+ Kxc7 41. Rxf8 Rxf8 42.
h3 Kd8 43. Kh2 Ke8 44. Qh4 Rf7 45. Qh5 Kf8 46. Qh4 Rg7 47. Qh8+ Kf7 48. Qh5+ Kg8 49. Qf5 Rh7 50. Qc8+ Kg7 51. Qd7+ Kg6 52. Qe6+ Kg7 53. Qe5+ Kh6 54. Qe6+ Kg7 55. Qe5+ Kg8 56. Qe8+ Kg7 57. Qd7+ Kh6 58. Qxh7+ Kxh7 59. Kg3 Kg7 60. Kg4 Kf6 61. Kf4 Kf7 62. h4 Kf6 63. g4 Ke6 64. h5 b5 65. g5 b4 66. h6 a5 67. h7 b3 68. a3 Kd6 69. h8=Q Kd5 70. Qe5+ Kc4 71.
Qc5+ Kd3 72. Qc3+ Ke2 73. Qxb3 a4 74. Qxa4 Kd3 75. Qb4 Ke2 76. Qc3 Kf1 77. Qd2 Kg1 78.
Kf3 Kh1 79. Qg2# 1-0

[Event "*** SCC Grand Prix: Titled Tuesday Blitz"]
[Site "Chess.com"]
[Date "2020.09.08"]
[Round "10"]
[White "fabianvivasz"]
[Black "Sergey85Rodchenkov"]
[Result "1-0"]
[WhiteElo "2324"]
[BlackElo "2472"]
[TimeControl "180+1"]
[EndTime "11:57:51 PDT"]
[Termination "fabianvivasz won by resignation"]

1. c4 Nf6 2. g3 d5 3. cxd5 Nxd5 4. Bg2 Nb6 5. Nf3 Nc6 6. d4 Bg4 7. O-O e6 8. Nc3 Bb4 9. Bf4 O-O 10. Rc1 h6 11.
Ne5 Nxe5 12. Bxe5 c6 13. h3 Bh5 14. Re1 a5 15. Qb3 Nd5 16. a3 a4 17. Qa2 Bd6 18.
Bxd6 Qxd6 19. Ne4 Qe7 20. Nc5 Rfd8 21. Qc4 Bg6 22. e4 Nf6 23. Qb4 Ra7 24. Qb6 Rda8 25. f4 Nd7 26. Nxd7 Qxd7 27. Red1 Ra6 28. Qb4 Rd8 29. d5 exd5 30. exd5 cxd5 31. Rxd5 Rd6 32.
Rcd1 Rxd5 33. Rxd5 Qc8 34. Qxb7 Qb8 35. Qxb8 Rxb8 36.
Rd2 Bf5 37. Kh2 Be6 38. Bc6 g5 39. Bxa4 gxf4 40. gxf4 Kg7 41. Bd1 Kf6 42. Kg3 Rc8 43.
Rd3 Rc1 44. b4 Rb1 45. Bf3 Ra1 46. Be4 Bc4 47. Rc3 Be2 48. Kf2 Bb5 49. Rc5 Ba4 50. Rc3 Ra2+ 51. Ke3 Rb2 52. Bd3 Bd1 53. b5 Ba4 54.
Rc5 Bd1 55. Rc6+ Ke7 56. b6 Kd7 57. Rxh6 f6 58. Kd4 Rxb6 59. Bf5+ Kd6 60. Rxf6+ Kc7 61. Rxb6 Kxb6 62. Ke5 Be2 63. h4 1-0

[Event "*** SCC Grand Prix: Titled Tuesday Blitz"]
[Site "Chess.com"]
[Date "2020.09.08"]
[Round "10"]
[White "Bigfish1995"]
[Black "GigaQuparadze"]
[Result "1-0"]
[WhiteElo "3028"]
[BlackElo "2913"]
[TimeControl "180+1"]
[EndTime "11:57:52 PDT"]
[Termination "Bigfish1995 won on time"]

1. e4 c5 2. Nf3 e6 3. d4 cxd4 4. Nxd4 a6 5. c4 Nf6 6. Nc3 Bb4 7.
Qd3 O-O 8. Bd2 d5 9. exd5 exd5 10. O-O-O Nc6 11. Nxd5 Nxd5 12. Nxc6 Bxd2+ 13. Rxd2 bxc6 14. cxd5 cxd5 15. Qxd5 Qc7+ 16. Qc4 Qa5 17. Qd5 Qc7+ 18. Rc2 Qb8 19. Bd3 Be6 20. Qe4 g6 21. Kb1 Qb6 22.
Qe3 Qa5 23. b3 Rad8 24. Rd1 Qh5 25.
f3 Qxh2 26. Kb2 a5 27. Rdd2 Qg3 28. Qc5 a4 29. bxa4 Rb8+ 30. Bb5 Bf5 31. Rc1 Rfc8 32. Qd6 Qh4 33. g4 Be6 34. Rxc8+ Rxc8 35. Qd4 Qe1 36. Rc2 Rb8 37. a3 Qg3 38. Rc3 Qh2+ 39. Kc1 Qa2 40.
Qd6 Qa1+ 41. Kd2 Rf8 42. Rd3 Qb2+ 43. Ke3 Rc8 44. Qd4 Qc1+ 45. Rd2 Qxa3+ 46. Kf4 h6 47. Kg3 Rc3 48. Qf6 Rc8 49. Qf4 Qc1 50. Qxh6 Qg1+ 51. Rg2 Qe1+ 52. Kh2 Rc1 53. Qg5 Rc3 54. Qf6 Bd5 55.
Re2 1-0

[Event "*** SCC Grand Prix: Titled Tuesday Blitz"]
[Site "Chess.com"]
[Date "2020.09.08"]
[Round "10"]
[White "el-roedor"]
[Black "Mikheev1976"]
[Result "0-1"]
[WhiteElo "2539"]
[BlackElo "2424"]
[TimeControl "180+1"]
[EndTime "11:57:52 PDT"]
[Termination "Mikheev1976 won by resignation"]

1. d4 Nf6 2. c4 c6 3. Nf3 d5 4. e3 e6 5. Nbd2 Nbd7 6. Bd3 Bd6 7.
e4 dxe4 8. Nxe4 Nxe4 9. Bxe4 O-O 10. O-O e5 11. dxe5 Nxe5 12. Nxe5 Bxe5 13. Bxh7+ Kxh7 14. Qh5+ Kg8 15. Qxe5 Re8 16. Qc3 Bf5 17. Be3 Qd3 18. Rfc1 Qxc3 19. Rxc3 b6 20. h3 Rad8 21. a4 Rd3 22. Rac1 Red8 23. a5 bxa5 24. Rxd3 Rxd3 25. Ra1 Rb3 26. Rxa5 Bd3 27. c5 Rxb2 28. Rxa7 Be4 29. g4 Bd5 30. Kh2 Kh7 31. Kg3 Rb4 32. Rd7 Rb1 33. Kf4 Rh1 34. Kg3 Rg1+ 35. Kh4 Kg6 36. Rd6+ f6 37. g5 Kf7 38. gxf6 gxf6 39. Bd4 Rg6 40. f4 Bf3 41. f5 Rh6+ 42. Kg3 Bd5 43. h4 Ke7 44. Kg4 Kf7 45. h5 Ke7 46. Be3 Rh8 47. h6 Rg8+ 48. Kh4 Rg2 49. Bd4 Rh2+ 50. Kg3 Rxh6 51. Kg4 Kf7 52. Kf4 Rh4+ 53. Kg3 Rxd4 54. Kf2 Rc4 55. Ke3 Rxc5 56. Kd4 Ra5 57. Kd3 Ra4 58. Kc3 Rf4 59. Rd7+ Ke8 60. Rc7 Rxf5 61. Kd4 Rf1 62. Kc5 f5 63. Kd6 f4 64. Re7+ Kf8 65. Rg7 Kxg7 0-1

[Event "*** SCC Grand Prix: Titled Tuesday Blitz"]
[Site "Chess.com"]
[Date "2020.09.08"]
[Round "10"]
[White "DishonorOnYourCow"]
[Black "parnali1611"]
[Result "1-0"]
[WhiteElo "2348"]
[BlackElo "2174"]
[TimeControl "180+1"]
[EndTime "11:57:54 PDT"]
[Termination "DishonorOnYourCow won by resignation"]

1. d4 d5 2. c4 e6 3. Nc3 Nf6 4. cxd5 exd5 5. Bg5 Be7 6. e3 c6 7. Bd3 Nbd7 8. Nge2 Ne4 9. Bxe7 Qxe7 10. Bxe4 dxe4 11. Ng3 Nf6 12. Qc2 O-O 13. Ngxe4 Nxe4 14. Qxe4 Qb4 15.
Qc2 Bf5 16. Qd2 Qc4 17. b3 Qa6 18.
f3 Rfe8 19. Kf2 Rad8 20. Rhe1 Bd3 21. Rad1 Bg6 22. e4 f5 23. exf5 Bxf5 24. Rxe8+ Rxe8 25. Re1 Rd8 26. Qg5 Qa5 27. Re5 Qb6 28. Qxf5 Qxd4+ 29. Re3 Re8 30. Ne4 Qb2+ 31. Re2 Qd4+ 32. Kf1 Qd1+ 33. Kf2 Qd4+ 34. Kg3 Rf8 35. Qg4 Qe5+ 36. Kh3 h5 37. Qg5 Qe6+ 38. Kg3 Rf5 39. Qd8+ Rf8 40. Qd4 Qg6+ 41.
Kf2 h4 42. Nd2 h3 43. g3 Qc2 44. Qc4+ Qxc4 45. Nxc4 b5 46. Ne5 b4 47. Nxc6 Rc8 48.
Nxb4 a5 49. Nd5 Rc1 50. Ne7+ Kf7 51. Nf5 Rh1 52. Ke3 Rg1 53. Kf4 Rg2 54. Re7+ Kf6 55. Rxg7 Rxh2 56. Rh7 Rh1 57. g4 h2 58. Kg3 Rg1+ 59.
Kxh2 Rf1 60. Rh6+ Kg5 61. Ra6 Rf2+ 62. Kg3 Rxf3+ 63. Kxf3 a4 64. Ke3 Kxg4 65. bxa4 Kxf5 66. Rb6 Ke5 67. a5 1-0

[Event "*** SCC Grand Prix: Titled Tuesday Blitz"]
[Site "Chess.com"]
[Date "2020.09.08"]
[Round "10"]
[White "Nikithebest"]
[Black "GianmarcoVaR"]
[Result "0-1"]
[WhiteElo "2439"]
[BlackElo "2568"]
[TimeControl "180+1"]
[EndTime "11:57:56 PDT"]
[Termination "GianmarcoVaR won on time"]

1. e4 c5 2. Nf3 d6 3. Bb5+ Nc6 4. Bxc6+ bxc6 5. O-O e5 6. Re1 Be7 7. c3 f5 8. d4 fxe4 9. Rxe4 Nf6 10. Re1 cxd4 11.
cxd4 e4 12. Nfd2 d5 13. f3 O-O 14. fxe4 Bg4 15. Qb3 Rb8 16. Qd3 dxe4 17. Nxe4 Bf5 18. Nbc3 Bb4 19. Qc4+ Kh8 20. Nxf6 Qxf6 21. Bf4 Be6 22.
Qxe6 Qxf4 23. Qe3 Qh4 24. Rf1 Rfe8 25. Qf4 Qe7 26. Rad1 Bd6 27. Qf7 Qh4 28. g3 Bxg3 29. hxg3 Qxg3+ 30. Kh1 Qh3+ 31. Kg1 Qg4+ 32. Kh1 Qh4+ 33.
Kg1 Qg5+ 34. Kh1 Qh4+ 35. Kg1 Qg3+ 36. Kh1 h6 37. Qf2 Qh3+ 38. Qh2 Qxh2+ 39. Kxh2 Rxb2+ 40. Kg3 Re6 41. Rf3 Rc2 42. Rdd3 a5 43. Rfe3 Rg6+ 44. Kf4 a4 45. Nxa4 Rxa2 46. Nc5 Rf2+ 47. Ke5 Rff6 48. Ra3 Rg5+ 49. Ke4 Rd6 50. Ra8+ Kh7 51. Rf3 Rg4+ 52. Rf4 Rxd4+ 53. Kxd4 Rxf4+ 54. Ke5 Rg4 55. Ne6 h5 56.
Rc8 Kg6 57. Rxc6 Rg1 58. Nf4+ Kh7 59. Kf5 h4 60. Rc3 g6+ 61. Kf6 Kh6 62. Rh3 g5 63. Ne6 Rf1+ 64. Ke5 Kh5 0-1

[Event "*** SCC Grand Prix: Titled Tuesday Blitz"]
[Site "Chess.com"]
[Date "2020.09.08"]
[Round "10"]
[White "LaPorfia"]
[Black "Caterpiller35"]
[Result "0-1"]
[WhiteElo "2281"]
[BlackElo "2457"]
[TimeControl "180+1"]
[EndTime "11:57:57 PDT"]
[Termination "Caterpiller35 won by resignation"]

1. d4 Nf6 2. Nf3 e6 3. Bf4 c5 4. e3 d5 5. Nbd2 Bd6 6. Bg3 Qc7 7. Ne5 Nbd7 8. f4 Ne4 9. Nxe4 dxe4 10. c3 cxd4 11.
exd4 O-O 12. Be2 b6 13. O-O Bb7 14. Qd2 Rad8 15. Nxd7 Rxd7 16. Qe3 f5 17. Kh1 g5 18. Bd1 Rg7 19. Bb3 Bd5 20. Rac1 b5 21. Qd2 h5 22. Qe3 h4 23. Be1 Bxf4 24. Rxf4 Qxf4 25. Qxf4 gxf4 26.
Bxh4 e3 27. Bxd5 exd5 28. Re1 Re8 29. Bf6 Rb7 30. a3 a5 31. Be5 b4 32. axb4 axb4 33.
Bxf4 bxc3 34. bxc3 Re4 35. g3 e2 36. Kg2 Rb3 37.
Kf2 Rb2 38. h4 Kf7 39. h5 Kg7 40. h6+ Kg6 41. Kf3 Rc2 42. Kf2 Kh7 43. Be5 Kxh6 44. Rh1+ Kg6 45. Re1 Kg5 46. Bf4+ Kg4 47. Be5 Rxc3 48.
Rh1 Rc2 49. Re1 f4 50. gxf4 Rxf4+ 51. Bxf4 Kxf4 52. Rxe2 Rxe2+ 53. Kxe2 Ke4 54. Ke1 Kxd4 55. Kd2 Kc4 56. Kc2 Kd4 57. Kd2 Ke4 58. Ke2 d4 59.
Ke1 Ke3 60. Kd1 Kd3 0-1

[Event "*** SCC Grand Prix: Titled Tuesday Blitz"]
[Site "Chess.com"]
[Date "2020.09.08"]
[Round "10"]
[White "Gloomy_Wanderer"]
[Black "penguingm1"]
[Result "1-0"]
[WhiteElo "2769"]
[BlackElo "2937"]
[TimeControl "180+1"]
[EndTime "11:57:58 PDT"]
[Termination "Gloomy_Wanderer won on time"]

1. d4 d5 2. c4 e6 3. Nf3 Nf6 4. g3 dxc4 5. Bg2 Nc6 6. O-O Rb8 7. e3 Be7 8. Qe2 b5 9. b3 Ba6 10. a4 cxb3 11. Nc3 b4 12. Qxa6 Rb6 13. Qc4 Na5 14.
Qd3 bxc3 15. Qxc3 Bb4 16. Qd3 c5 17. Ne5 cxd4 18. exd4 O-O 19. Bg5 Be7 20. Qc3 h6 21. Bxf6 Bxf6 22. Qxa5 Qxd4 23. Nc6 Qxa1 24. Rxa1 Bxa1 25.
Qxa7 Bd4 26. Nxd4 Rb4 27. Nxb3 Rxb3 28. Bc6 Rc8 29. Bb5 g6 30. h4 h5 31. Kg2 Rc2 32. Qb8+ Kh7 33. Qf4 Kg8 34. Be8 Rb7 35. a5 Ra2 36.
Ba4 Kh7 37. a6 Ra7 38. Bb5 Ra5 39. Bd3 Ra3 40. Qd4 R7xa6 41. Bxa6 Rxa6 42. Qf6 Kg8 43. Kf3 Ra3+ 44. Kf4 Ra7 45. Qd4 Rb7 46. Kg5 Kh7 47.
Kf6 Rc7 48. f3 Rb7 49. g4 Rc7 50. gxh5 gxh5 51. Qe4+ Kg8 52. Qf4 Rc5 53. Qb8+ Kh7 54. Kxf7 Rf5+ 55. Kxe6 Rxf3 56. Qb1+ Kg7 57. Qg1+ Kh7 58.
Qg5 Rf8 59. Qxh5+ Kg7 60. Qg5+ Kh7 61. h5 Kh8 62. Qh6+ Kg8 63. Qg6+ Kh8 64. Qh6+ Kg8 65. Qg5+ Kh8 66. Ke7 Rf1 67. h6 Re1+ 68. Kd7 Rd1+ 69. Kc6 Rc1+ 70. Qxc1 1-0

[Event "*** SCC Grand Prix: Titled Tuesday Blitz"]
[Site "Chess.com"]
[Date "2020.09.08"]
[Round "10"]
[White "Grandelicious"]
[Black "azikom"]
[Result "1-0"]
[WhiteElo "2807"]
[BlackElo "2636"]
[TimeControl "180+1"]
[EndTime "11:57:58 PDT"]
[Termination "Grandelicious won by resignation"]

1. Nf3 c5 2. c4 g6 3. Nc3 Bg7 4. g3 Nc6 5. Bg2 Nh6 6. d4 cxd4 7. Bxh6 Bxh6 8. Nxd4 O-O 9. O-O Nxd4 10. Qxd4 Bg7 11.
Qe3 d6 12. Rfd1 Bxc3 13. Qxc3 Qc7 14. Rac1 Be6 15. b3 Rac8 16. Qe3 b6 17. Bd5 Bxd5 18. Rxd5 Rfe8 19. Rcd1 Qd7 20. h4 Qe6 21. Qf3 h5 22. R1d4 Rc5 23. a4 Rxd5 24. Rxd5 Rc8 25. Kg2 Kg7 26.
Rd4 Rc5 27. Qd3 Qf5 28. Qd2 Qf6 29. e3 Rf5 30. Rd5 Rxd5 31. cxd5 Qe5 32. Qd3 Qb2 33. Qc4 Qe5 34. Kf3 a5 35. Qb5 Qf5+ 36. Ke2 Qc2+ 37. Kf1 Qd1+ 38. Kg2 Kf6 39. Qc4 Kg7 40. Qc3+ Kg8 41.
Qc8+ Kg7 42. Qc4 Qd2 43. Qb5 Kf6 44. Qxb6 Qxd5+ 45. Kg1 e5 46. b4 axb4 47. Qxb4 Qd1+ 48. Kg2 Qd5+ 49. e4 Qd3 50. a5 Ke6 51. Qb7 f5 52.
a6 fxe4 53. Qc8+ Kf6 54. Qf8+ Ke6 55. a7 e3 56. a8=Q e2 57. Qae8+ Kd5 58. Qa8+ Kd4 59. Qxd6+ Kc3 60. Qxd3+ Kxd3 61. Qa5 Kc2 62. Qe1 Kd3 63.
Kf3 e4+ 64. Kf4 e3 65. fxe3 1-0

[Event "*** SCC Grand Prix: Titled Tuesday Blitz"]
[Site "Chess.com"]
[Date "2020.09.08"]
[Round "10"]
[White "Tooweak2slow03"]
[Black "Vsevolod_Ovchinnikov"]
[Result "1-0"]
[WhiteElo "2775"]
[BlackElo "2563"]
[TimeControl "180+1"]
[EndTime "11:57:58 PDT"]
[Termination "Tooweak2slow03 won by checkmate"]

1. e4 g6 2. d4 Bg7 3. Nc3 a6 4. a4 d6 5. g3 Nf6 6. Bg2 O-O 7. Nge2 Nbd7 8. O-O Rb8 9. h3 b5 10. axb5 axb5 11.
Be3 b4 12. Nb1 Bb7 13. Nd2 c5 14. c3 bxc3 15. bxc3 Qc7 16. Kh2 Ra8 17. Rb1 Ra7 18. f4 Rfa8 19. Rxb7 Rxb7 20. e5 Ne8 21. dxc5 dxc5 22.
Nc4 Ra2 23. Nc1 Rxg2+ 24. Kxg2 Qc6+ 25. Kh2 Nc7 26. Nb3 Qd5 27. Nca5 Rb8 28. Qc2 Qa8 29.
Rd1 Nd5 30. Bf2 e6 31. c4 Nb4 32. Qe2 Nb6 33. Bxc5 Na4 34. Bxb4 Rxb4 35. Qg2 Qe8 36. c5 Bf8 37. c6 Rb8 38. c7 Rc8 39. Qb7 Nc3 40. Rc1 Nd5 41. Nd4 Rxc7 42. Rxc7 Nxc7 43. Qxc7 Qa4 44. Nab3 Qa2+ 45. Qc2 Qa8 46. Qg2 Qa4 47.
Qf2 Qc4 48. Nd2 Qd3 49. N4f3 h6 50. Qg2 Qe3 51. Nf1 Qd3 52. Qf2 Qc3 53. Kg1 Qd3 54. Kg2 Qc4 55. Ne3 Qd3 56. Nf1 Qc3 57. N1d2 Bc5 58. Qe2 Bf8 59. Ne4 Qc8 60. Nf6+ Kh8 61. Qd2 Qb8 62. Nd7 Qd8 63. Qd4 Bg7 64.
Nf6 Qa8 65. Qd7 Qa2+ 66. Kh1 Qb1+ 67. Ng1 Qc2 68. Qe8+ Bf8 69. Qxf8# 1-0

[Event "*** SCC Grand Prix: Titled Tuesday Blitz"]
[Site "Chess.com"]
[Date "2020.09.08"]
[Round "10"]
[White "bsnsun"]
[Black "NikolaGry"]
[Result "0-1"]
[WhiteElo "2430"]
[BlackElo "2602"]
[TimeControl "180+1"]
[EndTime "11:57:59 PDT"]
[Termination "NikolaGry won by resignation"]

1. e4 e5 2. Nf3 d6 3. Bc4 Nf6 4. Ng5 d5 5. exd5 h6 6. Nf3 e4 7.
Ne5 Bd6 8. d4 exd3 9. Nxd3 O-O 10. Nc3 Re8+ 11. Be3 Ng4 12. Qf3 Nxe3 13. fxe3 Qh4+ 14.
g3 Qxc4 15. Rf1 Rf8 16. Qf2 b5 17. O-O-O b4 18. Nb1 Bg4 19. Rd2 Qxa2 20. e4 Nd7 21. Qd4 Rae8 22. Re1 f6 23. h4 h5 24. Rg1 a5 25. b3 a4 26. c3 Qa1 27. bxa4 bxc3 28. Qxc3 Qxc3+ 29. Nxc3 Ra8 30. Nb5 Rxa4 31. Rb2 Ra1+ 32.
Rb1 Rxb1+ 33. Kxb1 Rb8 34. Kc2 Rxb5 35. Ra1 Bf3 36. Ra8+ Kh7 37. Re8 Nc5 38. Nf4 Bxe4+ 39. Kc3 Bxf4 40. gxf4 Bxd5 41. Kd4 Bf7 42. Re7 Bg6 43.
f5 Bxf5 44. Ke3 Ne6 45. Re8 Re5+ 46. Kd2 c5 47. Kc3 Re3+ 48. Kc4 Re4+ 49. Kc3 Rxh4 50. Ra8 Re4 51. Re8 h4 52. Ra8 Re1 53. Ra2 h3 54.
Rh2 Ng5 55. Kc4 Rg1 56. Kxc5 Be4 57. Kd4 Bg2 58. Ke3 Rh1 59. Rxh1 Bxh1 60. Kf2 Kg6 61. Kg3 Bc6 62. Kh2 Kh5 63. Kg3 g6 64. Kh2 Kg4 65. Kg1 Kg3 66. Kf1 h2 67. Ke2 h1=Q 0-1

[Event "*** SCC Grand Prix: Titled Tuesday Blitz"]
[Site "Chess.com"]
[Date "2020.09.08"]
[Round "10"]
[White "Aborigen_came"]
[Black "Gvetadze"]
[Result "1-0"]
[WhiteElo "2702"]
[BlackElo "2480"]
[TimeControl "180+1"]
[EndTime "11:58:00 PDT"]
[Termination "Aborigen_came won by checkmate"]

1. Nc3 c5 2. e4 g6 3. h4 h5 4. Nh3 d6 5. Bb5+ Bd7 6. a4 a6 7. Bxd7+ Qxd7 8. Nd5 Qd8 9. a5 Nc6 10. c3 Nxa5 11. b4 Nc6 12. b5 Ne5 13. d4 cxd4 14. cxd4 Ng4 15. b6 Rc8 16. Qa4+ Qd7 17. Nc7+ Kd8 18.
Qb3 e6 19. f3 N4f6 20. Bg5 Be7 21. O-O Nh7 22. Rfc1 Nxg5 23. hxg5 Bf8 24. d5 e5 25.
Ra2 f6 26. Rac2 Ke7 27. Ne6 Rxc2 28. Rxc2 fxg5 29. Rc7 Nf6 30. Nhxg5 Bh6 31. Rxd7+ Nxd7 32. Qc4 Nxb6 33. Qc7+ Nd7 34. Qxb7 Rb8 35. Qxa6 Rb1+ 36. Kh2 h4 37. Qa8 Rb8 38. Qa7 Rh8 39. Kh3 Rg8 40.
Kxh4 Rh8 41. Kg3 Rg8 42. Kf2 Bg7 43. Qc7 Bf6 44. Nh3 Rb8 45. Kg3 Rb2 46. Nf2 Bg5 47.
Qd8+ Kf7 48. Qxd7+ Be7 49. Ng5+ Kf6 50. Nh7+ Kg7 51.
Qxe7+ Kh6 52. Qxd6 Kxh7 53. Qxe5 Kh6 54. Qxb2 Kh5 55.
Qd2 g5 56. Ng4 Kg6 57. Qe2 Kh5 58. Kf2 Kg6 59. Ke3 Kh5 60. Kd3 Kh4 61. Qd2 Kg3 62. Qc2 Kf4 63. Qc3 Kg3 64. Qf6 Kh4 65. Qg6 Kg3 66.
Qxg5 Kxg2 67. Qd8 Kf1 68. Ne3+ Ke1 69. e5 Kf2 70. Nf5 Ke1 71. Nd6 Kd1 72. f4 Ke1 73. f5 Kf2 74. f6 Ke1 75. e6 Kd1 76. Qc7 Ke1 77. Qc5 Kd1 78. Qg1# 1-0

[Event "*** SCC Grand Prix: Titled Tuesday Blitz"]
[Site "Chess.com"]
[Date "2020.09.08"]
[Round "10"]
[White "GregShahade"]
[Black "Rud_Makarian"]
[Result "1/2-1/2"]
[WhiteElo "2617"]
[BlackElo "2755"]
[TimeControl "180+1"]
[EndTime "11:58:04 PDT"]
[Termination "Game drawn by repetition"]

1. e4 e6 2. d4 d5 3. Nd2 a6 4. Ngf3 c5 5. exd5 exd5 6. Be2 Nc6 7. O-O Nf6 8. Re1 Be7 9. dxc5 O-O 10. Nb3 Ne4 11. Be3 Re8 12. Nfd4 Ne5 13. c3 Qc7 14. Bf4 Bf6 15. f3 Nxc5 16. Nxc5 Qxc5 17. Kh1 Bd7 18.
Qd2 Nc4 19. Bxc4 dxc4 20. h3 h6 21. Qf2 Rad8 22. Rad1 Bc8 23. Qg3 Kh7 24. Rxe8 Rxe8 25. Re1 Rxe1+ 26. Qxe1 Qe7 27. Qxe7 Bxe7 28. Kg1 b5 29.
Kf2 Bd7 30. Ke3 g5 31. Bc7 f5 32. f4 Kg6 33. Be5 Bc5 34. Kf3 Bc8 35. g4 Bb7+ 36.
Kg3 fxg4 37. hxg4 gxf4+ 38. Kxf4 Bc8 39. Nf5 Bd7 40. Bd4 Bf8 41. Nh4+ Kf7 42. Nf3 Ke6 43. g5 Be8 44. gxh6 Bxh6+ 45. Ng5+ Kd5 46. Kf5 b4 47. Nh7 bxc3 48. Bxc3 Ba4 49. Nf6+ Kd6 50. Ke4 Ke6 51. Ng4 Bf8 52. Ne3 Bc5 53. Nxc4 Bc6+ 54. Kd3 Bb5 55. b3 Be8 56. a4 Bg6+ 57. Kd2 Kd5 58. Kc1 Ke4 59.
Kb2 Bf7 60. Nd2+ Kd3 61. Nc4 Be8 62. Ne5+ Ke4 63. Nc4 Kd3 64. Ne5+ Ke4 65. a5 Bb5 66. Nc4 Kd3 67. Ne5+ Ke4 68. Nc4 Bf8 69. Nd2+ Kd3 70. Nf3 Bc5 71. Ne5+ Ke4 1/2-1/2

[Event "*** SCC Grand Prix: Titled Tuesday Blitz"]
[Site "Chess.com"]
[Date "2020.09.08"]
[Round "10"]
[White "Nara_Kh"]
[Black "glebus008"]
[Result "1-0"]
[WhiteElo "2362"]
[BlackElo "2161"]
[TimeControl "180+1"]
[EndTime "11:58:05 PDT"]
[Termination "Nara_Kh won by checkmate"]

1. g3 g6 2. Bg2 Bg7 3. h4 h5 4. d4 d5 5. Bg5 Bg4 6. c3 c6 7.
Nd2 Nd7 8. a4 a5 9. Qc2 Qc7 10. e4 dxe4 11. Nxe4 Ngf6 12. Ne2 Bf5 13. O-O Nxe4 14. Bxe4 Bxe4 15. Qxe4 e6 16. Bf4 Qb6 17. Bd6 Bf8 18. Qf4 Bxd6 19. Qxd6 Rc8 20. Nf4 Qd8 21. Nxe6 fxe6 22. Qxe6+ Qe7 23. Qxg6+ Kd8 24. Rae1 Qf6 25. Qd3 Kc7 26. Re4 Rce8 27. Rf4 Qd6 28. Qf5 b6 29. Qd3 Rhg8 30. Kh2 Ne5 31. Qa6 Ng4+ 32. Kh3 Qd7 33. Kg2 Ra8 34. Qc4 Qd5+ 35. Qxd5 cxd5 36. Rf5 Rae8 37.
Rxd5 Re2 38. Rxh5 Rxb2 39. Kg1 Rf8 40. f4 Ne3 41. Re1 Nc4 42. Re7+ Kb8 43. Rhh7 Rg8 44.
Rhg7 Rxg7 45. Rxg7 Ra2 46. h5 Ne3 47. h6 Nf5 48.
Rg8+ Kb7 49. h7 Rxa4 50. h8=Q Ka6 51. Ra8+ Kb5 52. Qe8+ Kc4 53. Qxa4+ Kd3 54. Qb5+ Kxc3 55. Qxf5 Kb4 56. g4 a4 57. g5 a3 58. g6 b5 59. g7 a2 60. g8=Q Kc3 61. Rxa2 b4 62.
Qc5+ Kd3 63. Qgc4+ Ke3 64. Re2+ Kxf4 65. Qe5+ Kg4 66. Qg8+ Kh4 67. Qeh8# 1-0

[Event "*** SCC Grand Prix: Titled Tuesday Blitz"]
[Site "Chess.com"]
[Date "2020.09.08"]
[Round "10"]
[White "ChessLover0108"]
[Black "wonderfultime"]
[Result "1/2-1/2"]
[WhiteElo "2699"]
[BlackElo "2923"]
[TimeControl "180+1"]
[EndTime "11:58:13 PDT"]
[Termination "Game drawn by repetition"]

1. d4 d5 2. c4 c6 3. Nf3 Nf6 4. e3 Bf5 5. Nc3 e6 6. Nh4 Be4 7. f3 Bg6 8. Nxg6 hxg6 9. Qb3 Qc7 10. Bd2 Be7 11. cxd5 cxd5 12. O-O-O a6 13. Kb1 Nbd7 14.
Rc1 Qb6 15. Qa4 O-O 16. Bd3 Rfc8 17. g4 Rc6 18. g5 Nh5 19. e4 dxe4 20. fxe4 Rac8 21.
Rhf1 Bb4 22. d5 Bxc3 23. Rc2 Nc5 24. Qc4 exd5 25. exd5 R6c7 26. Bxc3 Nxd3 27. Qxd3 Kh7 28. Ka1 Rd7 29. Rd1 Rcd8 30. Qc4 Qb5 31. Qxb5 axb5 32.
Rcd2 Rd6 33. Bb4 R6d7 34. d6 Nf4 35. a3 Ne6 36. h4 Kg8 37. Rf1 b6 38. Rc2 Nd4 39. Rc7 Nf5 40. Rc6 f6 41. Rxb6 Kf7 42. gxf6 gxf6 43. Rxb5 Ke6 44. Rb6 Nxh4 45. a4 Nf5 46. a5 Ra8 47. b3 g5 48. Kb2 g4 49. a6 g3 50. Bc5 g2 51. Rg1 Rc8 52. b4 Nh4 53. Kb3 Rg8 54. Ka4 Nf3 55. Rd1 g1=Q 56. Bxg1 Nxg1 57. Ka5 Nf3 58. Rb7 Rdd8 59.
Kb6 Ne5 60. b5 Rxd6+ 61. Rxd6+ Kxd6 62. a7 Nc4+ 63. Ka6 Rg1 64. Rb8 Ra1+ 65. Kb7 Na5+ 66. Kb6 Nc4+ 67. Kb7 Na5+ 68. Kc8 Nc4 69. Kb7 1/2-1/2